 Dungeon Crawl Stone Soup version 0.30-a0-394-g3e4acdb0ae (webtiles) character file.

Game seed: 6348978195677249896

41060 zishaf the Fighter (level 14, -6/110 HPs)
             Began as a Djinni Venom Mage on Dec 6, 2022.
             Was a High Priest of Makhleb.
             Mangled by a seven-headed hydra (9 damage)
             ... on level 4 of the Lair of Beasts.
             The game lasted 00:33:52 (19223 turns).

zishaf the Fighter (Djinni Venom Mage)             Turns: 19223, Time: 00:33:52

Health: -6/110     AC: 11    Str:  9    XL:     14   Next: 48%
Gold:   364        EV: 12    Int: 31    God:    Makhleb [*****.] SH:  7 Dex: 14

rFire   + + +      SeeInvis .    a - staff of poison
rCold   . . .      Faith    +    u - +2 buckler
rNeg    . . .      Spirit   .    L - +0 steam dragon scales
rPois   ∞          Reflect  .    C - +0 helmet
rElec   .          Harm     .    z - +1 cloak of Feasting {Drain rF+ Int+3}
rCorr   .          Rampage  .    A - +2 pair of gloves of the Ecumenical Temple {rF++ Str+2}
Will    +....                    (boots unavailable)
Stlth   ++........               o - amulet of faith
HPRegen 0.38/turn                N - ring of ice
MPRegen 0.00/turn                E - +6 ring of intelligence

@: flying
A: sickness immunity, fire resistance 2, cold vulnerability 1, float, innate
caster, HP casting, extra vitality 1
a: Renounce Religion, Minor Destruction, Lesser Servant of Makhleb, Major
Destruction, Greater Servant of Makhleb


You were on level 4 of the Lair of Beasts.
You worshipped Makhleb.
Makhleb was extremely pleased with you.
You visited 3 branches of the dungeon, and saw 16 of its levels.

You collected 1593 gold pieces.
You spent 1229 gold pieces at shops.

Inventory:

Hand Weapons
 b - the +8 whip "Snakebite" {venom, curare, rPois}
   (You found it on level 3 of the Lair of Beasts)

   It poisons the flesh of those it strikes.
   It occasionally inflicts asphyxiating poison on those it strikes, dealing
   poison damage and causing slowness.
   rPois:     It protects you from poison.
 x - the +6 hand axe "Hekku Zuwo" {protect, *Corrode Int+7 Dex+6}
   (You found it on level 6 of the Dungeon)

   It grants its wielder temporary protection when it strikes (+7 to AC).
   Int:       It affects your intelligence (+7).
   Dex:       It affects your dexterity (+6).
   *Corrode:  It may corrode you when you take damage.
 M - a +5 whip of venom
Missiles
 s - 10 throwing nets
Armour
 k - a +1 leather armour of fire resistance
 u - a +2 buckler (worn)
 z - the +1 cloak of Feasting (worn) {Drain rF+ Int+3}
   (You bought it in a shop on level 1 of the Dungeon)

   Int:       It affects your intelligence (+3).
   rF:        It protects you from fire.
   Drain:     It drains your maximum health when unequipped.
 A - the +2 pair of gloves of the Ecumenical Temple (worn) {rF++ Str+2}
   (You bought it in a shop on level 1 of the Dungeon)

   Str:       It affects your strength (+2).
   rF:        It greatly protects you from fire.
 C - a +0 helmet (worn)
 K - the +1 robe of Deruul {+Inv}
   (You found it on level 1 of the Lair of Beasts)

   +Inv:      It lets you turn invisible.
 L - +0 steam dragon scales (worn)
Magical Staves
 a - a staff of poison (weapon)
Jewellery
 c - an amulet of the acrobat
 o - an amulet of faith (around neck)
 t - a ring of willpower
 E - a +6 ring of intelligence (right hand)
 N - a ring of ice (left hand)
Wands
 l - a wand of quicksilver (12)
 n - a wand of polymorph (15)
 y - a wand of charming (9)
 B - a wand of flame (19)
 I - a wand of roots (9)
 O - a wand of mindburst (5)
Scrolls
 d - 4 scrolls of blinking
 e - a scroll of enchant weapon
 g - 11 scrolls of teleportation
 v - 2 scrolls of enchant armour
 G - a scroll of fog
 H - a scroll of poison
 J - 3 scrolls of identify
Potions
 f - 7 potions of curing
 h - 2 potions of might
 i - 5 potions of lignification
 j - a potion of invisibility
 m - a potion of resistance
 p - 5 potions of attraction
 q - 5 potions of heal wounds
 r - 3 potions of haste
 w - 3 potions of brilliance
 D - a potion of mutation
 F - 2 potions of magic {unknown}


   Skills:
 + Level 13.3 Fighting
 - Level 2.1 Dodging
 - Level 1.5 Stealth
 - Level 5.0 Shields
 + Level 10.8 Spellcasting
 - Level 12.0 Invocations
 - Level 8.0 Evocations


You had 7 spell levels left.
You knew the following spells:

 Your Spells              Type           Power      Damage    Failure   Level
a - Inner Flame           Hex/Fire       71%        N/A       1%          3
b - Poisonous Vapours     Pois/Air       100%       N/A       1%          2
c - Sandblast             Erth           100%       2d20      1%          1
d - Searing Ray           Conj           100%       2d8       1%          2
e - Momentum Strike       Conj/Tloc      100%       3d10      1%          2
f - Sting                 Tmut/Pois      100%       1d8       1%          1
h - Agony                 Necr           71%        N/A       1%          5
z - Mephitic Cloud        Conj/Pois/Air  90%        N/A       1%          3
A - Olgreb's Toxic Radia  Pois           90%        N/A       1%          4
B - Summon Ice Beast      Ice/Summ       90%        N/A       1%          4
Your spell library was empty.

Dungeon Overview and Level Annotations

Branches:
Dungeon (11/15)            Temple (1/1) D:5            Lair (4/5) D:9
  Swamp (0/4) Lair:3       Spider (0/4) Lair:2        Slime (0/5) Lair:4
    Orc: D:9-12

Altars:
Ashenzari
Cheibriados
Dithmenos
Elyvilon
Fedhas
Gozag
Hepliaklqana
Makhleb
Nemelex Xobeh
Okawaru
Qazlal
Ru
Trog
Uskayaw
Wu Jian
Xom
Yredelemnul
Zin
The Shining One
Jiyva

Shops:
D:1 [(![[   D:5 (   D:8 *(

Annotations:
Temple 2 transporters


Innate Abilities, Weirdness & Mutations

You are immune to sickness and miasma.
You are immune to poison.
Your flesh is very heat resistant. (rF++)
You are vulnerable to cold. (rC-)
You float through the air rather than walking.
You learn spells naturally, not from books.
Your magical power is your life essence.
You have superior vitality. (+4 MHP)


Message History

The seven-headed hydra bites you!
The seven-headed hydra closely misses you.
The seven-headed hydra bites you but does no damage.
The seven-headed hydra bites you.
Aiming: Mindburst
Press: ? - help, Shift-Dir - straight line, f/p - seven-headed hydra
Aim: a seven-headed hydra (heavily wounded, chance to affect: 60%)
The seven-headed hydra resists with significant effort.
The seven-headed hydra misses you.
The seven-headed hydra bites you but does no damage.
You block the seven-headed hydra's attack.
The seven-headed hydra bites you. x3; The seven-headed hydra bites you!
Aiming: Mindburst
Press: ? - help, Shift-Dir - straight line, f/p - seven-headed hydra
Aim: a seven-headed hydra (heavily wounded, chance to affect: 60%)
The seven-headed hydra's minds are blasted!!
The seven-headed hydra barely misses you.
The seven-headed hydra bites you!
* * * LOW HITPOINT WARNING * * *
The seven-headed hydra bites you but does no damage.
The seven-headed hydra closely misses you. x2
The seven-headed hydra bites you but does no damage.
The seven-headed hydra bites you.
* * * LOW HITPOINT WARNING * * *
Aiming: Mindburst
Press: ? - help, Shift-Dir - straight line, f/p - seven-headed hydra
Aim: a seven-headed hydra (almost dead, chance to affect: 60%)
The seven-headed hydra resists with significant effort.
The seven-headed hydra bites you but does no damage.
You block the seven-headed hydra's attack.
The seven-headed hydra bites you!
* * * LOW HITPOINT WARNING * * *
The seven-headed hydra bites you.
* * * LOW HITPOINT WARNING * * *
The seven-headed hydra bites you.
* * * LOW HITPOINT WARNING * * *
The seven-headed hydra bites you!
* * * LOW HITPOINT WARNING * * *
The seven-headed hydra bites you!
You die...

## ##.# ## ##..#####
#.P #........ ..
##.# . #..## # ##DP#
# #@P#### # ##P.##.#
### #.....####.#####
#:....#...##...####
##.._...............
#..............>....
##.......####..#.###
#...##### ##.### #
##.## ###


You could see a seven-headed hydra.

Vanquished Creatures
  Harold (Lair:2)
  2 hydras
  A catoblepas (Lair:4)
  A two-headed ogre (D:10)
  6 death yaks
  Urug (D:10)
  Amaemon (D:8)
  4 bog bodies (Lair:3)
  Pikel (D:8)
  A necromancer (Lair:2)
  A manticore (D:10)
  3 elephants
  5 black mambas
  An orange demon (D:8)
  Joseph (D:8)
  A gargoyle (D:7)
  Maggie (Lair:2)
  14 cane toads
  3 komodo dragons
  Psyche (D:8)
  4 rime drakes
  5 polar bears (Lair:1)
  Sigmund (D:3)
  4 wyverns
  22 yaks
  A basilisk (Lair:2)
  3 vampire mosquitoes (D:11)
  2 wargs (D:9)
  A steam dragon (D:10)
  An acid dragon (D:6)
  2 swamp worms (Lair:3)
  19 water moccasins
  8 black bears
  2 ice beasts
  An orc warrior (D:9)
  3 sky beasts
  6 centaurs
  An ogre (D:5)
  10 wolves
  A lemure (D:8)
  2 phantoms
  A kobold brigand (D:8)
  A wyvern zombie (D:7)
  2 necrophages
  3 bullfrogs
  2 gnoll sergeants
  3 scorpions
  7 wights
  6 killer bees
  An electric eel (Lair:3)
  2 hounds (D:6)
  7 orc priests
  5 jellies
  2 gnoll boudas
  4 iguanas (D:5)
  Ijyb (D:5)
  Terence (D:3)
  5 hell rats (Lair:4)
  6 orc wizards
  4 polar bear simulacra (Lair:2)
  2 yak simulacra (Lair:2)
  2 wolf simulacra (Lair:2)
  A howler monkey zombie (D:7)
  25 gnolls
  16 adders
  2 white imps
  3 ufetubi
  A worm (D:3)
  5 dart slugs
  18 orcs
  7 bats
  9 endoplasms
  3 giant cockroaches
  10 goblins
  8 hobgoblins
  6 quokkas
  9 ball pythons
  3 frilled lizards
  13 kobolds
  10 rats
  3 river rat simulacra (Lair:2)
368 creatures vanquished.

Vanquished Creatures (collateral kills)
  A cane toad (Lair:4)
  A polar bear (Lair:4)
  A warg (D:9)
3 creatures vanquished.

Vanquished Creatures (others)
  An elephant (Lair:4)
  4 demonic plants (D:2)
  10 fungi
  19 plants
  A withered plant (D:2)
35 creatures vanquished.

Grand Total: 406 creatures vanquished

Notes
Turn   | Place    | Note
-------+----------+-------------------------------------------
     0 | D:1      | zishaf the Djinni Venom Mage began the quest for the Orb.
     0 | D:1      | zishaf set off with the following spells memorised: Sting,
                  | Poisonous Vapours, Mephitic Cloud, Olgreb's Toxic Radiance.
     0 | D:1      | Reached XP level 1. HP: 15/15 MP: 0/0
    92 | D:1      | Reached skill level 1 in Fighting
    92 | D:1      | Reached XP level 2. HP: 17/22 MP: 0/0
   145 | D:1      | Found Cuwysef's Antique Armour Emporium.
   200 | D:1      | Found Lellops's Weapon Shop.
   229 | D:1      | Found Wiajues's Distillery.
   270 | D:1      | Reached XP level 3. HP: 25/27 MP: 0/0
   270 | D:1      | Learned a level 1 spell: Sandblast
   336 | D:1      | Found Racib's Armour Shoppe.
   628 | D:1      | Found Feeck's Antique Armour Boutique.
   922 | D:2      | Reached skill level 2 in Fighting
   935 | D:2      | Found a faded altar of an unknown god.
  1039 | D:2      | Reached XP level 4. HP: 23/33 MP: 0/0
  1410 | D:2      | Reached XP level 5. HP: 33/40 MP: 0/0
  1410 | D:2      | Learned a level 2 spell: Searing Ray
  1905 | D:3      | Reached skill level 3 in Fighting
  2324 | D:3      | Noticed Terence
  2415 | D:3      | Killed Terence
  2449 | D:3      | Noticed Sigmund
  2461 | D:3      | Killed Sigmund
  2462 | D:3      | Reached skill level 4 in Fighting
  2462 | D:3      | Reached XP level 6. HP: 32/47 MP: 0/0
  2980 | D:1      | Bought a potion of curing for 36 gold pieces
  3232 | D:4      | Reached XP level 7. HP: 48/53 MP: 0/0
  3232 | D:4      | Learned a level 2 spell: Momentum Strike
  3359 | D:1      | Bought a potion of heal wounds for 60 gold pieces
  3980 | D:4      | Reached skill level 5 in Fighting
  4424 | D:5      | Entered Level 5 of the Dungeon
  4635 | D:5      | Noticed Ijyb
  4648 | D:4      | Reached skill level 5 in Spellcasting
  4648 | D:4      | Reached XP level 8. HP: 31/60 MP: 0/0
  4798 | D:5      | Found Geqicwez's Antique Weapon Emporium.
  5006 | D:5      | Reached skill level 6 in Fighting
  5105 | D:5      | Reached skill level 1 in Evocations
  5197 | D:5      | Found a staircase to the Ecumenical Temple.
  5208 | Temple   | Entered the Ecumenical Temple
  5208 | Temple   | Found a transporter.
  5208 | Temple   | Found a transporter.
  5210 | Temple   | Found a transporter.
  5210 | Temple   | Found a transporter.
  5227 | Temple   | Became a worshipper of Makhleb the Destroyer
  5289 | D:5      | Killed Ijyb
  5673 | D:1      | Bought a runed buckler for 172 gold pieces
  5916 | D:6      | Reached skill level 1 in Invocations
  5971 | D:6      | Reached skill level 1 in Shields
  6004 | D:6      | Reached XP level 9. HP: 65/67 MP: 0/0
  6004 | D:6      | Learned a level 3 spell: Inner Flame
  6117 | D:6      | Found a glowing silver altar of Zin.
  6250 | D:6      | Identified the +6 hand axe "Hekku Zuwo" {protect, *Corrode
                  | Int+7 Dex+6}
  6498 | D:6      | Reached skill level 7 in Fighting
  7111 | D:6      | Identified a scroll of acquirement
  7111 | D:6      | Acquired 766 gold pieces
  7277 | D:1      | Bought a fine cloak for 247 gold pieces
  7277 | D:1      | Identified the +1 cloak of Feasting {Drain rF+ Int+3} (You
                  | bought it in a shop on level 1 of the Dungeon)
  7277 | D:1      | Bought a pair of dazzling gloves for 247 gold pieces
  7277 | D:1      | Identified the +2 pair of gloves of the Ecumenical Temple
                  | {rF++ Str+2} (You bought it in a shop on level 1 of the
                  | Dungeon)
  7293 | D:1      | Bought a glowing leather armour for 130 gold pieces
  7337 | D:1      | Bought a +0 helmet for 49 gold pieces
  7374 | D:1      | Bought a potion of mutation for 96 gold pieces
  7827 | D:7      | Reached * piety under Makhleb
  8412 | D:7      | Noticed a gargoyle
  8419 | D:7      | Killed a gargoyle
  8420 | D:7      | Reached XP level 10. HP: 17/76 MP: 0/0
  8894 | D:7      | Found a basalt altar of Yredelemnul.
  8952 | D:8      | Reached skill level 8 in Fighting
  9114 | D:8      | Found Vettec's General Store.
  9260 | D:8      | Noticed Joseph
  9261 | D:8      | Noticed an orange demon
  9323 | D:8      | Killed Joseph
  9440 | D:8      | Noticed Pikel
  9444 | D:8      | Killed Pikel
  9444 | D:8      | Reached ** piety under Makhleb
  9445 | D:8      | Reached skill level 5 in Shields
  9445 | D:8      | Reached skill level 5 in Invocations
  9502 | D:8      | You are sucked into a shaft and drop 3 floors!
  9666 | D:10     | Entered Level 10 of the Dungeon
  9735 | D:11     | Reached skill level 9 in Fighting
  9735 | D:11     | Reached XP level 11. HP: 67/84 MP: 0/0
  9735 | D:11     | Learned a level 4 spell: Summon Ice Beast
  9881 | D:8      | Noticed Amaemon
  9893 | D:8      | Killed Amaemon
  9907 | D:8      | Noticed Psyche
  9930 | D:8      | Killed Psyche
 10144 | D:8      | Found Xuodiu's Weapon Shop.
 10186 | D:8      | Reached XP level 12. HP: 89/90 MP: 0/0
 10592 | D:9      | Found a blossoming altar of Fedhas.
 10761 | D:9      | Found a staircase to the Lair.
 10767 | D:9      | Reached *** piety under Makhleb
 11329 | D:10     | Noticed a two-headed ogre
 11338 | D:10     | Killed a two-headed ogre
 11615 | D:10     | Reached skill level 10 in Fighting
 11978 | D:10     | Noticed Urug
 11986 | D:10     | Killed Urug
 12286 | Lair:1   | Entered Level 1 of the Lair of Beasts
 12295 | Lair:1   | Reached skill level 5 in Evocations
 12673 | Lair:1   | Identified the +1 robe of Deruul {+Inv}
 13039 | Lair:1   | Reached XP level 13. HP: 88/97 MP: 0/0
 13039 | Lair:1   | Learned a level 5 spell: Agony
 13593 | D:1      | Bought a potion of mutation for 96 gold pieces
 13593 | D:1      | Bought a potion of mutation for 96 gold pieces
 13593 | D:1      | Gained mutation: You have a pair of small horns on your
                  | head. [potion of mutation]
 13593 | D:1      | Lost mutation: You have a pair of small horns on your head.
                  | [potion of mutation]
 13593 | D:1      | Gained mutation: You are somewhat resistant to further
                  | mutation. [potion of mutation]
 13599 | D:1      | Lost mutation: You are somewhat resistant to further
                  | mutation. [potion of mutation]
 13599 | D:1      | Gained mutation: You have a pair of small horns on your
                  | head. [potion of mutation]
 13599 | D:1      | Gained mutation: You sometimes lose your temper in combat.
                  | [potion of mutation]
 13600 | D:1      | Lost mutation: You have a pair of small horns on your head.
                  | [potion of mutation]
 13600 | D:1      | Lost mutation: You sometimes lose your temper in combat.
                  | [potion of mutation]
 13600 | D:1      | Gained mutation: You sometimes lose your temper in combat.
                  | [potion of mutation]
 13600 | D:1      | Lost mutation: You sometimes lose your temper in combat.
                  | [potion of mutation]
 14094 | Lair:2   | Found a hole to the Spider Nest.
 14098 | Lair:2   | Reached **** piety under Makhleb
 14106 | Lair:2   | Reached skill level 11 in Fighting
 14115 | Lair:2   | Noticed Harold
 14123 | Lair:2   | Killed Harold
 14130 | Lair:2   | Noticed Maggie
 14142 | Lair:2   | Killed Maggie
 15038 | Lair:3   | Noticed an eight-headed hydra
 15044 | Lair:3   | Killed an eight-headed hydra
 15044 | Lair:3   | Found a staircase to the Swamp.
 15999 | Lair:3   | Reached ***** piety under Makhleb
 16000 | Lair:3   | Reached skill level 12 in Fighting
 16355 | Lair:3   | Reached XP level 14. HP: 104/107 MP: 0/0
 16396 | Lair:3   | Reached skill level 10 in Spellcasting
 16632 | Lair:3   | Found the +8 whip "Snakebite" {venom, curare, rPois}
 17466 | Lair:4   | Found a staircase to the Slime Pits.
 17467 | Lair:4   | Found a viscous altar of Jiyva.
 18330 | Lair:4   | Reached skill level 13 in Fighting
 19195 | Lair:4   | Found an iron altar of Okawaru.
 19223 | Lair:4   | HP: 3/110 [seven-headed hydra (7)]
 19223 | Lair:4   | Mangled by a seven-headed hydra

Illustrated notes

Levels and vault maps discovered:
D:1:      dpeg_arrival_simpleton_a, layout_loops_ring, serial_shops, shop,
          nicolae_shop_hallway_stairs, shop, shop, nicolae_shop_trees
D:2:      layout_basic, shapermc_ecumenical_altar_gd
D:3:      layout_basic, kennysheep_pointless_box, minmay_cut_off, uniq_terence,
          uniq_sigmund
D:4:      layout_cave_pods, amethyst_killhole
D:5:      layout_basic, temple_pool_b, serial_shops, nicolae_square_shop,
          minmay_strange_pillars, kennysheep_generic_room_7, uniq_ijyb
D:6:      nicolae_cairo_tiling, layout_basic, mainiacjoe_overflow_paths,
          grunt_potential
D:7:      layout_basic, lemuel_zombie_altar_yredelemnul,
          minmay_misc_feat_nine_boxes
D:8:      layout_rooms, serial_shops, nicolae_shop_advertising_works
          [nicolae_subvault_shop_adworks], shop, uniq_joseph, uniq_amaemon,
          uniq_pikel, uniq_psyche
D:9:      layout_cave_pools, fedhas_altar_2, erik_lair_orcish_takeover
D:10:     layout_irregular_city, hex_large, uniq_urug
D:11:     layout_cave_pods, uniq_gastronok, uniq_fannar
Temple:   hellmonk_temple_divided_pantheon
Lair:1:   beast_lair_carwin_large_1, layout_loops_ring, grunt_megastairs_5
Lair:2:   layout_gridlike, dummy_spider_entry, nicolae_lair_lil_pond,
          eino_house_with_fridge, uniq_harold, uniq_maggie
Lair:3:   minmay_guarded_unrand_snakebite, layout_regular_city,
          nicolae_swamp_entry_splash_gauntlet, nicolae_lair_grove_arrangements
Lair:4:   layout_long_grid, nicolae_slime_entry_slimehenge, basic_altar

Skill      XL: |  1  2  3  4  5  6  7  8  9 10 11 12 13 14 |
---------------+-------------------------------------------+-----
Fighting       | 1 2 4 5 6 7 9 10 12 13 | 13.3
Spellcasting   | 3 4 5 6 7 8 9 10 | 10.8
Evocations     | 2 4 5 8 |  8.0
Invocations    | 1 4 6 11 12 | 12.0
Shields        | 1 3 5 |  5.0
Dodging        | |  2.1
Stealth        | |  1.5

Action                   |  1- 3 |  4- 6 |  7- 9 | 10-12 | 13-15 || total
-------------------------+-------+-------+-------+-------+-------++-------
Melee: Whip              |    56 |     5 |    11 |     7 |    14 ||    93
       Punch             |     1 |       |       |       |       ||     1
       Staff             |       |    24 |    51 |    29 |    19 ||   123
 Cast: Sting             |    31 |    22 |    33 |       |     2 ||    88
       Poisonous Vapours |     1 |    49 |    62 |    63 |    38 ||   213
       Olgreb's Toxic Ra |       |     1 |     9 |    16 |    12 ||    38
       Sandblast         |       |     1 |    48 |    70 |   139 ||   258
       Mephitic Cloud    |       |     1 |     5 |     8 |    11 ||    25
       Inner Flame       |       |       |     7 |    23 |    47 ||    77
       Momentum Strike   |       |       |     1 |       |       ||     1
       Searing Ray       |       |       |       |     1 |     3 ||     4
       Summon Ice Beast  |       |       |       |     4 |     2 ||     6
       Agony             |       |       |       |       |     2 ||     2
Evoke: Wand              |       |       |     5 |       |     4 ||     9
  Use: Scroll            |       |     5 |    10 |     6 |     4 ||    25
       Potion            |       |       |       |     1 |     3 ||     4
 Stab: Sleeping          |     1 |       |       |       |       ||     1
       Confused          |       |       |     2 |       |       ||     2
Armor: Robe              |     8 |     6 |    16 |       |       ||    30
       Leather armour    |       |       |     7 |    45 |     8 ||    60
       Steam dragon scal |       |       |       |       |    60 ||    60
Dodge: Dodged            |    41 |    18 |    91 |   108 |    97 ||   355
Block: Buckler           |       |       |    26 |    60 |    71 ||   157

Table legend: (Time is in decaauts)
 A = Elapsed time spent in this place.
 B = Non-inter-level travel time spent in this place.
 C = Inter-level travel time spent in this place.
 D = Time resting spent in this place.
 E = Time spent auto-exploring this place.
 F = Levels seen in this place.
 G = Mean time per level.
                   A        B        C        D        E       F      G
               +--------+--------+--------+--------+--------+-----+--------+
         Total |  19404 |  17305 |   2099 |   2338 |  12000 |  16 | 1212.8 |
       Dungeon |  12700 |  10840 |   1860 |    838 |   8026 |  11 | 1154.5 |
        Temple |     34 |     24 |     10 |      0 |      2 |   1 |   34.0 |
          Lair |   6668 |   6439 |    229 |   1500 |   3972 |   4 | 1667.0 |
               +--------+--------+--------+--------+--------+-----+--------+

Top non-repeatable levels by time:
  Lair:3: 2217 daAuts
  Lair:2: 1774 daAuts
     D:4: 1530 daAuts
  Lair:4: 1495 daAuts
     D:7: 1462 daAuts
     D:6: 1426 daAuts
     D:3: 1423 daAuts
     D:2: 1373 daAuts
     D:1: 1211 daAuts
  Lair:1: 1181 daAuts
     D:8: 1091 daAuts
    D:10: 1009 daAuts
     D:5: 968 daAuts
     D:9: 831 daAuts
    D:11: 371 daAuts
